 Dungeon Crawl Stone Soup version 0.28.0-43-g3370ac3207 (webtiles) character file.

Game seed: 17058094620652738252

2928 DasRunzen the Ducker (level 10, -3/73 HPs)
             Began as a Djinni Fire Elementalist on Mar 9, 2022.
             Was an Initiate of Qazlal.
             Slain by a slime creature (15 damage)
             ... on level 7 of the Dungeon.
             The game lasted 00:19:07 (8430 turns).

DasRunzen the Ducker (Djinni Fire Elementalist)     Turns: 8430, Time: 00:19:07

Health: -3/73      AC:  5    Str:  7    XL:     10   Next: 7%
Gold:   288        EV: 15    Int: 21    God:    Qazlal [......] SH:  0 Dex: 14

rFire   + + .      SeeInvis .   d - staff of death
rCold   x . .      Faith    .   (no shield)
rNeg    + . .      Spirit   .   i - +0 robe {Will+}
rPois   ∞          Reflect  .   r - +0 helmet
rElec   .          Harm     .   (no cloak)
rCorr   .          Rampage  .   b - +0 pair of gloves
Will    ++...                   (boots unavailable)
Stlth   ++........              j - amulet of the acrobat
HPRegen 0.22/turn               (no ring)
MPRegen 0.00/turn               (no ring)

@: flying
A: sickness immunity, fire resistance 2, cold vulnerability 1, float, innate
caster, HP casting, extra vitality 1
a: Renounce Religion


You were on level 7 of the Dungeon.
You worshipped Qazlal.
Qazlal was noncommittal.
You visited 1 branch of the dungeon, and saw 7 of its levels.
You also visited: Sewer.

You collected 288 gold pieces.

Inventory:

Hand Weapons
 a - a +1 dagger of draining
 w - a +4 spectral quarterstaff
Armour
 b - a +0 pair of gloves (worn)
 i - a +0 robe of willpower (worn)
 r - a +0 helmet (worn)
Magical Staves
 d - a staff of death (weapon)
Jewellery
 j - an amulet of the acrobat (around neck)
Wands
 l - a wand of digging (4)
 v - a wand of iceblast (14)
Scrolls
 c - a scroll of noise {unknown}
 k - a scroll of fog
 m - 2 scrolls of blinking {unknown}
 n - 2 scrolls of enchant weapon {unknown}
 p - a scroll of immolation {unknown}
 q - a scroll of magic mapping {unknown}
 s - a scroll of vulnerability {unknown}
Potions
 e - a potion of haste
 f - 4 potions of curing
 g - a potion of invisibility
 h - a potion of berserk rage
 o - a potion of mutation
 t - 2 potions of might
 u - a potion of ambrosia {unknown}


   Skills:
 + Level 6.5 Fighting
 + Level 6.4 Armour
 + Level 7.6 Dodging
 - Level 1.5 Stealth
 + Level 5.6 Spellcasting


You couldn't memorise any spells.
You knew the following spells:

 Your Spells              Type           Power      Damage    Failure   Level
a - Foxfire               Conj/Fire      100%       2x1d9     1%          1
b - Scorch                Fire           58%        2d8       1%          2
c - Conjure Flame         Conj/Fire      29%        6-21      3%          3
d - Inner Flame           Hex/Fire       29%        N/A       3%          3
e - Flame Wave            Conj/Fire      29%        2d8       10%         4
f - Sandblast             Erth           58%        2d13      1%          1
g - Poisonous Vapours     Pois/Air       58%        N/A       1%          2
h - Ignite Poison         Fire/Tmut/Pois 29%        N/A       3%          3
i - Gell's Gravitas       Tloc           29%        N/A       3%          3
Your spell library was empty.

Dungeon Overview and Level Annotations

Branches:
Dungeon (7/15)             Temple (0/1) D:6           Sewer (visited)

Altars:
Ashenzari
Qazlal
Vehumet
Yredelemnul
The Shining One

Shops:
D:2 (   D:7 [

Annotations:
D:4 2 transporters, exclusion: statue, GreyFruit's ghost, amateur DrFE


Innate Abilities, Weirdness & Mutations

You are immune to sickness and miasma.
You are immune to poison.
Your flesh is very heat resistant. (rF++)
You are vulnerable to cold. (rC-)
You float through the air rather than walking.
You learn spells naturally, not from books.
Your magical power is your life essence.
You have superior vitality. (+4 MHP)


Message History

The slime creature is heavily wounded.
You conjure some foxfire!
The foxfire hits the slime creature.
The slime creature is heavily wounded.
The foxfire hits the slime creature!
The slime creature is severely wounded.
The slime creature misses you. The slime creature closely misses you.
You conjure some foxfire!
The foxfire hits the slime creature!
The slime creature is almost dead.
The foxfire hits the slime creature.
The slime creature is almost dead.
The slime creature misses you. The slime creature hits you!
You conjure some foxfire!
The foxfire hits the slime creature.
The slime creature is almost dead.
The foxfire hits the slime creature.
The slime creature is almost dead.
The slime creature hits you!!
The slime creature hits you but does no damage.
You are too injured to fight recklessly!
Unknown command.
The foxfire hits the slime creature.
You kill the slime creature!
Qazlal accepts your kill.
The foxfire hits the slime creature.
The slime creature is lightly wounded.
Casting: Foxfire (safe; 1% risk of failure)
Confirm with . or Enter, or press ? or * to list all spells.
Flames lash the slime creature.
The slime creature is moderately wounded.
The slime creature's fire resistance burns away.
You hear a shout!
The slime creature hits you!!
* * * LOW HITPOINT WARNING * * *
Casting: Scorch (safe; 1% risk of failure)
Confirm with . or Enter, or press ? or * to list all spells.
Flames lash the slime creature.
The slime creature is burned terribly!
The slime creature is heavily wounded.
* * * LOW HITPOINT WARNING * * *
A centaur comes into view.
The slime creature hits you!
You die...

.....#...###.##.#....##
...........#..#..#...##.
..............#......##.
..$..............##..#..
..>........#....# #.....
#.........#....##......
#.......#.....#.......
##..J..#............
#..@...#.#..........
.............##.........
....c##.#.....##........
.... #.##....#....##...
... #.#........##.....
.# ..................
......#.......##..
......#.......#... .
##[..##.....


You could see a slime creature (combustible) and a centaur.

Vanquished Creatures
  Grinder (D:5)
  4 slime creatures
  Sigmund (D:6)
  Menkaure (D:6)
  Duvessa (D:5)
  Pargi (Sewer)
  An ice beast (D:5)
  A sky beast (D:5)
  2 necrophages
  An ogre (D:5)
  2 centaurs
  Blork the orc (D:6)
  A bullfrog (D:6)
  2 scorpions
  A water moccasin zombie (D:3)
  Dowan (D:5)
  A water moccasin skeleton (D:4)
  2 centaur zombies (D:7)
  A hound (D:6)
  3 jellies
  A bullfrog skeleton (D:7)
  2 iguanas
  Jessica (D:2)
  A scorpion zombie (D:3)
  2 hound skeletons (D:4)
  A mummy (D:7)
  2 gnolls (D:7)
  3 adders
  2 river rats (D:5)
  A white imp (D:7)
  An ufetubus (D:5)
  An adder zombie (D:3)
  3 worms
  A dart slug (D:1)
  7 ball pythons
  7 bats
  8 endoplasms
  4 giant cockroaches
  6 goblins
  2 hobgoblins
  4 jackals (D:5)
  4 quokkas
  A giant cockroach zombie (D:3)
  2 goblin skeletons (D:3)
  4 hobgoblin zombies (D:3)
  9 kobolds
  3 kobold skeletons (D:3)
  An orc skeleton (D:3)
  4 rats
117 creatures vanquished.

Vanquished Creatures (collateral kills)
  2 foxfires (D:1)
2 creatures vanquished.

Vanquished Creatures (others)
  700 foxfires
700 creatures vanquished.

Grand Total: 819 creatures vanquished

Notes
Turn   | Place    | Note
-------+----------+-------------------------------------------
     0 | D:1      | DasRunzen the Djinni Fire Elementalist began the quest for
                  | the Orb.
     0 | D:1      | Reached XP level 1. HP: 15/15 MP: 0/0
   536 | D:1      | Reached XP level 2. HP: 21/22 MP: 0/0
  1241 | D:1      | Reached skill level 1 in Fighting
  1241 | D:1      | Reached skill level 1 in Armour
  1241 | D:1      | Reached XP level 3. HP: 27/27 MP: 0/0
  1241 | D:1      | Learned a level 1 spell: Sandblast
  1588 | D:2      | Found Orees's Weapon Emporium.
  2101 | D:2      | Found a faded altar of an unknown god.
  2172 | D:2      | Noticed Jessica
  2176 | D:2      | Killed Jessica
  2177 | D:2      | Reached skill level 3 in Dodging
  2177 | D:2      | Reached XP level 4. HP: 28/32 MP: 0/0
  3003 | D:3      | Found a glowing golden altar of the Shining One.
  3217 | D:3      | Reached XP level 5. HP: 24/38 MP: 0/0
  3217 | D:3      | Learned a level 2 spell: Poisonous Vapours
  3359 | D:3      | Found a basalt altar of Yredelemnul.
  3974 | D:4      | Reached XP level 6. HP: 27/45 MP: 0/0
  4134 | D:4      | Reached skill level 4 in Dodging
  4230 | D:4      | Found a transporter.
  4795 | D:4      | Found a transporter.
  4795 | D:4      | Noticed GreyFruit's ghost (amateur DrFE)
  4842 | D:5      | Entered Level 5 of the Dungeon
  4897 | D:5      | Reached XP level 7. HP: 24/50 MP: 0/0
  4897 | D:5      | Learned a level 3 spell: Ignite Poison
  4920 | D:5      | Found a glowing drain.
  4928 | Sewer    | Entered a sewer
  5120 | Sewer    | Noticed Pargi
  5130 | Sewer    | Killed Pargi
  5313 | D:5      | Noticed Duvessa
  5314 | D:5      | Noticed Dowan
  5701 | D:5      | Killed Duvessa
  5702 | D:5      | Reached skill level 5 in Dodging
  5702 | D:5      | Reached XP level 8. HP: 33/58 MP: 0/0
  5705 | D:5      | Killed Dowan
  6157 | D:5      | Found a stormy altar of Qazlal.
  6163 | D:5      | Became a worshipper of Qazlal Stormbringer
  6282 | D:5      | Noticed Grinder
  6286 | D:5      | Killed Grinder
  6600 | D:6      | Found a staircase to the Ecumenical Temple.
  6601 | D:6      | Noticed Sigmund
  6607 | D:6      | Killed Sigmund
  6608 | D:6      | Reached skill level 5 in Fighting
  6608 | D:6      | Reached skill level 6 in Dodging
  6608 | D:6      | Reached XP level 9. HP: 59/65 MP: 0/0
  6608 | D:6      | Learned a level 3 spell: Gell's Gravitas
  6619 | D:6      | Reached skill level 5 in Armour
  6751 | D:6      | Found a broken altar of Ashenzari.
  6909 | D:6      | Noticed Blork the orc
  6918 | D:6      | Killed Blork the orc
  7097 | D:6      | Noticed Menkaure
  7102 | D:6      | Killed Menkaure
  7252 | D:7      | Noticed a slime creature
  7254 | D:7      | Noticed a slime creature
  7256 | D:7      | Noticed a slime creature
  7256 | D:7      | Noticed a slime creature
  7258 | D:7      | Noticed a slime creature
  7414 | D:5      | Killed a slime creature
  7415 | D:5      | Reached skill level 5 in Spellcasting
  7578 | D:6      | Killed a slime creature
  7579 | D:6      | Reached skill level 7 in Dodging
  7895 | D:7      | Found Naiffoad's Armour Boutique.
  8418 | D:7      | Killed a slime creature
  8419 | D:7      | Reached XP level 10. HP: 66/73 MP: 0/0
  8430 | D:7      | Slain by a slime creature

Illustrated notes

Levels and vault maps discovered:
D:1:      dpeg_arrival_another_circle, layout_basic,
          corexii_item_surrounded_by_moat, amethyst_killhole, minmay_hedge_maze,
          lemuel_flame_loot_1
D:2:      layout_rooms, shapermc_ecumenical_altar_totnotflames, serial_shops,
          nicolae_shop_waterfront, uniq_jessica
D:3:      layout_basic, grunt_temple_overflow_order_and_chaos_1,
          nicolae_tso_besieged_by_evil, nicolae_sif_muna_little_library,
          nicolae_yredelemnul_corpse_copse, slow_altar_1, serial_corexii_hall,
          corexii_hall_statues_s, chequers_hall_statues_y,
          chequers_hall_statues_corner_a, chequers_hall_statues_corner_a,
          st_stairs_13
D:4:      layout_basic, vehumet_statue, gammafunk_ghost_arena
D:5:      layout_rooms, mainiacjoe_overflow_alcove_2, portal_sewer_entry_b,
          uniq_grinder, uniq_duvessa
D:6:      layout_rooms, cheibrodos_ashenzari_chains,
          minmay_temple_entry_statues_fountains, uniq_menkaure,
          uniq_blork_the_orc, uniq_sigmund
D:7:      layout_cave_pools, serial_undead, serial_undead_d, serial_undead_f,
          serial_undead_c, serial_undead_f, serial_shops, nicolae_stop_n_shop_2

Skill      XL: |  1  2  3  4  5  6  7  8  9 |
---------------+----------------------------+-----
Fighting       | 1 2 3 5 6 |  6.5
Armour         | 1 2 3 4 6 |  6.4
Dodging        | 3 4 5 6 7 |  7.6
Spellcasting   | 3 4 5 |  5.6
Stealth        | |  1.5

Action                   |  1- 3 |  4- 6 |  7- 9 | 10-12 || total
-------------------------+-------+-------+-------+-------++-------
Melee: Unarmed           |     1 |       |       |       ||     1
       Staff             |       |     7 |       |       ||     7
       Dagger            |       |       |    50 |       ||    50
 Cast: Foxfire           |    94 |   164 |   137 |     9 ||   404
       Scorch            |     1 |    12 |    35 |     2 ||    50
       Inner Flame       |       |       |     3 |       ||     3
       Conjure Flame     |       |       |     1 |       ||     1
  Use: Scroll            |     1 |     6 |     3 |       ||    10
Armor: Robe              |     4 |     9 |    23 |     1 ||    37
Dodge: Dodged            |     3 |    50 |    93 |     3 ||   149
